 Dungeon Crawl Stone Soup version 0.31.0-11-ge490571c62 (webtiles) character file.

Game seed: 8051144969622941422

39 qw the Shooter (level 3, -3/18 HPs)
             Began as a Spriggan Hunter on Feb 4, 2024.
             Slain by a hobgoblin (6 damage)
             ... led by Robin
             ... on level 2 of the Dungeon.
             The game lasted 00:00:03 (641 turns).

qw the Shooter (Spriggan Hunter)                     Turns: 641, Time: 00:00:03

Health: -3/18      AC:  2    Str:  7    XL:     3   Next: 28%
Magic:  4/4        EV: 19    Int: 10    God:
Gold:   39         SH:  0    Dex: 20    Spells: 2/2 levels left

rFire   . . .        a - +0 shortbow
rCold   . . .        (shield currently unavailable)
rNeg    + . .        c - +0 robe
rPois   .            (helmet restricted)
rElec   .            (no cloak)
rCorr   .            (gloves unavailable)
SInv    +            (boots unavailable)
Will    .....        (no amulet)
Stlth   ++           h - ring of positive energy
HPRegen 0.23/turn    (no ring)
MPRegen 0.09/turn

%: no passive effects
@: very quick
A: very small, no large weapons, unfitting armour, see invisible, speed 3
a: no special abilities


You were on level 2 of the Dungeon.
You visited 1 branch of the dungeon, and saw 2 of its levels.

You collected 39 gold pieces.


Innate Abilities, Weirdness & Mutations

You are very small and have problems with some larger weapons.
You are too small for most types of armour.
You have supernaturally acute eyesight. (SInv)
You cover ground extremely quickly. (Speed+++)


   Skills:
 - Level 1.5 Fighting
 + Level 4.6 Ranged Weapons
 - Level 4.0 Dodging
 - Level 1.5 Stealth


You had 2 spell levels left.
You didn't know any spells.
Your spell library was empty.

Inventory:

Hand Weapons
 a - a +0 shortbow (weapon)
Armour
 c - a +0 robe (worn)
Jewellery
 h - a ring of positive energy (left hand)
Potions
 d - a potion of lignification {unknown}
 g - a potion of haste {unknown}

Dungeon Overview and Level Annotations

Branches:
Dungeon (2/15)

Altars:
Hepliaklqana

Annotations:
D:2 Robin


Message History

You shoot an arrow. The arrow barely misses the hobgoblin.
You shoot an arrow. The arrow hits the hobgoblin!
You kill the hobgoblin!
You see here 6 stones.
Found a robe.
Found a stone staircase leading up.
Robin, 3 hobgoblins and 2 goblins come into view.
Robin shouts!
The goblin shouts!
You shoot an arrow. The arrow closely misses the hobgoblin.
The hobgoblin shouts! x2
Robin roars a battlecry!
The goblins go into a battle-frenzy!
You shoot an arrow. The arrow hits the goblin.
The goblin is severely wounded.
The goblin hits you with a +0 club. The hobgoblin hits you.
You shoot an arrow. The arrow hits the goblin!
You kill the goblin!
The hobgoblin completely misses you.
You shoot an arrow. The arrow hits the goblin!
You kill the goblin!
The hobgoblin misses you.
A goblin comes into view. It is wielding a +0 club.
Robin barely misses you.
You shoot an arrow. The arrow closely misses the hobgoblin.
The hobgoblin completely misses you.
Robin hits you from afar with a +0 trident.
You shoot an arrow. The arrow hits the hobgoblin.
The hobgoblin is moderately wounded.
The hobgoblin completely misses you.
Robin hits you from afar with a +0 trident.
You shoot an arrow. The arrow hits the hobgoblin.
The hobgoblin is almost dead.
The hobgoblin closely misses you.
Robin hits you from afar with a +0 trident.
You shoot an arrow.
The arrow hits the hobgoblin but does no damage.
The hobgoblin is almost dead.
The hobgoblin closely misses you. Robin misses you.
Robin completely misses you. The hobgoblin hits you.
You die...

... #.# ..# #.#
#<######.
#######........
..gggg)g[......
#@# #.# # #.#
#.## #.# #...
#.# ########
#.#######
........
#........
.#######
#.######### ###
#.........# #..


You could see Robin, 3 hobgoblins and a goblin (strong).

Vanquished Creatures
  A gnoll (D:1)
  4 endoplasms (D:1)
  5 goblins
  4 hobgoblins
  5 ball pythons
  3 bats (D:1)
  2 frilled lizards (D:1)
  3 kobolds (D:1)
  2 rats (D:1)
29 creatures vanquished.

Notes
Turn   | Place    | Note
-------+----------+-------------------------------------------
     0 | D:1      | qw the Spriggan Hunter began the quest for the Orb.
     0 | D:1      | Reached XP level 1. HP: 10/10 MP: 2/2
     0 | D:1      | 0 ||| qw: Version: 0.3-a-160-g6735b56
     0 | D:1      | 0 ||| qw: Game counter: 6050
     0 | D:1      | 0 ||| qw: Melee chars always use a shield: true
     0 | D:1      | 0 ||| qw: God list: Okawaru
     0 | D:1      | 0 ||| qw: Allow faded altars: false
     0 | D:1      | 0 ||| qw: Do Orc after clearing Dungeon:15 true
     0 | D:1      | 0 ||| qw: Do second Lair branch before Depths: true
     0 | D:1      | 0 ||| qw: Lair rune preference: random
     0 | D:1      | 0 ||| qw: Goals: Normal
     0 | D:1      | 0 ||| PLANNING D:1-11
    27 | D:1      | Reached skill level 3 in Dodging
    78 | D:1      | Reached XP level 2. HP: 14/14 MP: 3/3
   529 | D:1      | Reached XP level 3. HP: 18/18 MP: 4/4
   530 | D:1      | 530 ||| UPGRADING to ring of positive energy.
   531 | D:1      | 531 ||| READING scroll labelled WOQY MERUTH.
   536 | D:1      | 536 ||| READING scroll labelled YRUSUA KUZYFU.
   537 | D:1      | 537 ||| READING scroll labelled GAECO LESO.
   538 | D:1      | 538 ||| READING scroll labelled ULLESCH WIFICUAKAVI.
   539 | D:1      | 539 ||| DROPPING scroll of butterflies.
   600 | D:2      | Found a hazy altar of Hepliaklqana.
   633 | D:2      | Noticed Robin
   640 | D:2      | HP: 3/18 [Robin/+0 trident (4)]
   641 | D:2      | Slain by a hobgoblin

Levels and vault maps discovered:
D:1:      minmay_arrival_four_houses, layout_basic
D:2:      layout_loops_ring, basic_altar, uniq_sigmund, uniq_robin

Skill      XL: |  1  2 |
---------------+-------+-----
Dodging        | 3 4 |  4.0
Fighting       | |  1.5
Ranged Weapons | |  4.6
Stealth        | |  1.5

Action                     || total
---------------------------++-------
   Fire: Shortbow          ||    80
    Use: Scroll            ||     4
 Armour: Robe              ||     9
  Dodge: Dodged            ||    29

Table legend:
 A = Non-vault XP
 B = Vault XP
 C = Vault XP percentage of total XP
 D = Non-vault monster count
 E = Vault monster count
 F = Vault count percentage of total count
                 A         B        C        D         E       F
            +---------+---------+-------+---------+---------+-------
      Total |      53 |       4 |   7.0 |      27 |       2 |   6.9
            +---------+---------+-------+---------+---------+-------
        D:1 |      49 |       0 |   0.0 |      25 |       0 |   0.0
        D:2 |       4 |       4 |  50.0 |       2 |       2 |  50.0
            +---------+---------+-------+---------+---------+-------
